 Dungeon Crawl Stone Soup version 0.24.0-41-g2ae2f7f1be (webtiles) character file.

Game seed: 14133800463996182019, levelgen mode: deterministic

8761 Exporg the Thaumaturge (level 11, -6/85 HPs)
             Began as a Gnoll Skald on Dec 11, 2019.
             Was a Priest of the Shining One.
             Mangled by a death yak (22 damage)
             ... on level 9 of the Dungeon.
             The game lasted 00:35:23 (10506 turns).

Exporg the Thaumaturge (Gnoll Skald)               Turns: 10506, Time: 00:35:24

Health: -6/85      AC: 14    Str: 16    XL:     11   Next: 35%
Magic:  18/23      EV: 18    Int: 16    God:    the Shining One [***...]
Gold:   730        SH:  0    Dex: 15    Spells: 14/26 levels left

rFire    . . .     SeeInvis .   a - +4 flail
rCold    . . .     Gourm    .   (no shield)
rNeg     + . .     Faith    .   v - +5 ring mail "Seuruhus" {rElec rPois}
rPois    +         Spirit   .   (no helmet)
rElec    +         Reflect  .   B - +0 cloak
rCorr    .         Harm     .   (no gloves)
MR       .....                  E - +0 pair of boots
Stlth    +.........             e - amulet of rage
HPRegen  0.24/turn              l - +3 ring of evasion
MPRegen  0.18/turn              (no ring)

@: infused, glowing
A: distributed training, fangs 1, strong nose
a: Divine Shield, Renounce Religion, Evoke Berserk Rage


You were on level 9 of the Dungeon.
You worshipped the Shining One.
The Shining One was most pleased with you.
You were not hungry.

You visited 2 branches of the dungeon, and saw 11 of its levels.

You collected 730 gold pieces.

Inventory:

Hand Weapons
 a - a +4 flail (weapon)
 b - a +0 hunting sling
 A - the cursed +3 spear "Transmigrator" {freeze, *Noise +Blink rElec SInv}
   (You found it on level 10 of the Dungeon)

   It has been specially enchanted to freeze those struck by it, causing extra
   injury to most foes and up to half again as much damage against particularly
   susceptible opponents.
   It can also slow down cold-blooded creatures.
   It insulates you from electricity.
   It lets you see invisible.
   It lets you blink.
   It may make noises in combat.
   It has a curse placed upon it.
Missiles
 i - 72 sling bullets
 j - 122 bolts
Armour
 n - a +0 ring mail
 u - a +2 ring mail of fire resistance
 v - the +5 ring mail "Seuruhus" (worn) {rElec rPois}
   (You found it on level 5 of the Dungeon)

   It insulates you from electricity.
   It protects you from poison.
 B - a +0 cloak (worn)
 E - a +0 pair of boots (worn)
Magical Staves
 J - an uncursed staff of energy
Jewellery
 e - an amulet of rage (around neck)
 l - a +3 ring of evasion (left hand)
 x - an uncursed amulet of guardian spirit
Wands
 t - a wand of polymorph (9)
 y - a wand of flame (11)
 L - a wand of disintegration (12)
Scrolls
 c - a scroll of vulnerability {unknown}
 g - 2 scrolls of teleportation
 h - 2 scrolls of enchant weapon
 o - 3 scrolls of immolation {unknown}
 p - 2 scrolls of remove curse
 q - a scroll of noise
 s - 2 scrolls of fear {unknown}
 w - a scroll of enchant armour {unknown}
 z - a scroll of blinking {unknown}
 F - 4 scrolls of amnesia {unknown}
 H - a scroll of torment {unknown}
 I - a scroll of fog {unknown}
 K - 2 scrolls of magic mapping {unknown}
Potions
 f - a potion of brilliance
 k - 3 potions of curing
 m - 2 potions of lignification
 r - a potion of might {unknown}
 C - a potion of mutation {unknown}
 D - a potion of berserk rage {unknown}
 G - a potion of flight {unknown}
 N - a potion of heal wounds {unknown}
Comestibles
 d - 23 rations
 M - 3 chunks of flesh


   Skills:
 + Level 7.7 Fighting
 + Level 6.1 Short Blades
 + Level 6.1 Long Blades
 + Level 6.1 Axes
 + Level 7.7 Maces & Flails
 + Level 6.1 Polearms
 + Level 6.1 Staves
 + Level 6.1 Slings
 + Level 6.1 Bows
 + Level 6.1 Crossbows
 + Level 6.1 Throwing
 + Level 6.7 Armour
 + Level 7.7 Dodging
 + Level 6.1 Stealth
 + Level 6.1 Shields
 + Level 6.1 Unarmed Combat
 + Level 8.0 Spellcasting
 + Level 5.0 Conjurations
 + Level 5.0 Hexes
 + Level 7.5 Charms
 + Level 5.0 Summonings
 + Level 5.0 Necromancy
 + Level 5.0 Translocations
 + Level 5.0 Transmutations
 + Level 5.0 Fire Magic
 + Level 5.0 Ice Magic
 + Level 5.0 Air Magic
 + Level 5.0 Earth Magic
 + Level 5.0 Poison Magic
 + Level 6.7 Invocations
 + Level 6.1 Evocations


You had 14 spell levels left.
You knew the following spells:

 Your Spells              Type           Power        Failure   Level  Hunger
a - Infusion              Chrm           ####         1%          1    None
b - Song of Slaying       Chrm           ####....     1%          2    None
c - Spectral Weapon       Hex/Chrm       ####....     4%          3    ##.....
d - Regeneration          Chrm/Necr      ####......   4%          3    ##.....
e - Confuse               Hex            ###.....     7%          3    ##.....

Your spell library contained the following spells:

 Spells                   Type           Power        Failure   Level  Hunger
 Animate Skeleton         Necr           N/A          2%          1    None
 Apportation              Tloc           ###...       2%          1    None
 Beastly Appendage        Tmut           ###...       2%          1    None
 Confusing Touch          Hex            ###...       2%          1    None
 Summon Small Mammal      Summ           ###.         2%          1    None
 Shroud of Golubria       Chrm/Tloc      ####..       2%          2    None
 Sticks to Snakes         Tmut           ###.....     3%          2    None
 Gell's Gravitas          Tloc           ###.......   7%          3    ##.....
 Spider Form              Tmut/Pois      ###.......   7%          3    ##.....
 Ice Form                 Ice/Tmut       ###.....     24%         4    ####...
 Petrify                  Tmut/Erth      ###.....     24%         4    ####...
 Blade Hands              Tmut           ###.......   54%         5    #####..
 Metabolic Englaciation   Hex/Ice        ###.......   54%         5    #####..
 Yara's Violent Unravell  Hex/Tmut       ###.......   54%         5    #####..


Dungeon Overview and Level Annotations

Branches:
Dungeon (10/15)            Temple (1/1) D:5            Lair (0/6) D:9
    Orc (0/2) D:10

Altars:
Ashenzari
Cheibriados
Dithmenos
Elyvilon
Fedhas
Gozag
Hepliaklqana
Kikubaaqudgha
Makhleb
Nemelex Xobeh
Okawaru
Qazlal
Ru
Sif Muna
Trog
Uskayaw
Vehumet
Wu Jian
Xom
Yredelemnul
Zin
The Shining One
Jiyva

Shops:
D:8 (   D:9 *   D:10 *


Innate Abilities, Weirdness & Mutations

Your experience applies equally to all skills.
You have very sharp teeth.
Your uncanny sense of smell can sniff out nearby items.


Message History

The death yak is heavily wounded.
Your spectral weapon barely misses the death yak.
The death yak gores you!!
You sock the death yak!
The death yak is severely wounded.
Your spectral weapon hits the death yak but does no damage.
The death yak misses you.
You thump the death yak!
You punch the death yak, but do no damage.
The death yak is almost dead.
Your spectral weapon closely misses the death yak.
The death yak gores you!!
* * * LOW HITPOINT WARNING * * *
You feel better.
The death yak gores you but does no damage.
You hit the death yak.
The death yak is almost dead.
Your spectral weapon hits the death yak.
The death yak gores you!!
You die...

#.........# #.........#
#.........# #.........#
#.........# #.........#
#.........# #.(.......#
#.Y@####..# #...# ..#
##############...# .#
.................#
..........)......# #
#####..########..####..#
#..# #........# #..#
#........# #..#
#.######.#


You could see a death yak and a friendly spectral +4 flail.

Vanquished Creatures
  A two-headed ogre (D:8)
  2 death yaks (D:8)
  Nergalle (D:10)
  A hippogriff (D:10)
  A vampire (D:10)
  A wraith (D:10)
  5 yaks
  A wyvern (D:8)
  A hungry ghost (D:9)
  An ice beast (D:7)
  2 orc warriors
  2 phantoms (D:8)
  2 black bears (D:7)
  5 ogres
  5 centaurs
  2 big kobolds
  8 bullfrogs
  A wyvern zombie (D:7)
  4 scorpions
  7 wights
  2 howler monkeys
  A bullfrog zombie (D:5)
  2 centaur zombies
  5 crimson imps
  5 jellies
  A quasit (D:10)
  A centaur skeleton (D:7)
  7 orc priests
  2 bullfrog skeletons
  6 hounds
  6 orc wizards
  6 iguanas
  8 worker ants
  A hound zombie (D:9)
  2 hound skeletons (D:9)
  12 adders
  3 gnolls (D:3)
  A howler monkey skeleton (D:5)
  8 oozes
  4 adder zombies
  4 adder skeletons
  2 worms
  5 dart slugs
  4 leopard geckos
  38 orcs
  A ball python (D:4)
  8 bats
  4 giant cockroaches
  6 hobgoblins
  6 jackals
  15 kobolds
  4 quokkas
  A giant cockroach zombie (D:6)
  16 goblins
  A leopard gecko skeleton (D:7)
  A quokka skeleton (D:5)
  A quokka zombie (D:9)
  14 rats
267 creatures vanquished.

Vanquished Creatures (others)
  6 spectral weapons
6 creatures vanquished.

Grand Total: 273 creatures vanquished

Notes
Turn   | Place    | Note
-------+----------+-------------------------------------------
     0 | D:1      | Exporg the Gnoll Skald began the quest for the Orb.
     0 | D:1      | Reached XP level 1. HP: 20/20 MP: 6/6
   130 | D:1      | Reached XP level 2. HP: 24/26 MP: 4/7
   512 | D:1      | Reached XP level 3. HP: 31/31 MP: 9/9
   531 | D:1      | Reached skill level 5 in Spellcasting
   664 | D:1      | Learned a level 2 spell: Song of Slaying
   668 | D:1      | Learned a level 3 spell: Spectral Weapon
   672 | D:1      | Learned a level 3 spell: Regeneration
   993 | D:2      | Reached skill level 1 in Invocations
  1130 | D:2      | Reached skill level 1 in Short Blades
  1130 | D:2      | Reached skill level 1 in Long Blades
  1130 | D:2      | Reached skill level 1 in Axes
  1130 | D:2      | Reached skill level 1 in Polearms
  1130 | D:2      | Reached skill level 1 in Staves
  1130 | D:2      | Reached skill level 1 in Slings
  1130 | D:2      | Reached skill level 1 in Bows
  1130 | D:2      | Reached skill level 1 in Crossbows
  1130 | D:2      | Reached skill level 1 in Throwing
  1130 | D:2      | Reached skill level 1 in Stealth
  1130 | D:2      | Reached skill level 1 in Shields
  1130 | D:2      | Reached skill level 1 in Unarmed Combat
  1130 | D:2      | Reached skill level 1 in Evocations
  1349 | D:2      | Found a shadowy altar of Dithmenos.
  1367 | D:2      | Reached XP level 4. HP: 37/38 MP: 7/11
  2164 | D:3      | Reached skill level 1 in Conjurations
  2164 | D:3      | Reached skill level 1 in Hexes
  2164 | D:3      | Reached skill level 1 in Summonings
  2164 | D:3      | Reached skill level 1 in Necromancy
  2164 | D:3      | Reached skill level 1 in Translocations
  2164 | D:3      | Reached skill level 1 in Transmutations
  2164 | D:3      | Reached skill level 1 in Fire Magic
  2164 | D:3      | Reached skill level 1 in Ice Magic
  2164 | D:3      | Reached skill level 1 in Air Magic
  2164 | D:3      | Reached skill level 1 in Earth Magic
  2164 | D:3      | Reached skill level 1 in Poison Magic
  2319 | D:3      | Reached XP level 5. HP: 36/43 MP: 12/12
  2807 | D:3      | Reached XP level 6. HP: 47/50 MP: 9/13
  3252 | D:3      | Found a hazy altar of Hepliaklqana.
  3252 | D:3      | Found an ornate altar of the Wu Jian Council.
  3349 | D:4      | Reached skill level 5 in Fighting
  3349 | D:4      | Reached skill level 5 in Maces & Flails
  3349 | D:4      | Reached skill level 5 in Dodging
  3838 | D:4      | Reached XP level 7. HP: 37/56 MP: 15/15
  4233 | D:5      | Entered Level 5 of the Dungeon
  4513 | D:5      | Reached XP level 8. HP: 58/63 MP: 12/16
  4835 | D:5      | Got a distressingly furry ring mail
  4836 | D:5      | Identified the +5 ring mail "Seuruhus" {rElec rPois} (You
                  | found it on level 5 of the Dungeon)
  4913 | D:5      | Found a staircase to the Ecumenical Temple.
  4944 | Temple   | Entered the Ecumenical Temple
  5096 | Temple   | Became a worshipper of the Shining One
  5239 | D:5      | Found a snail-covered altar of Cheibriados.
  5249 | D:5      | Reached skill level 6 in Spellcasting
  5989 | D:6      | Reached XP level 9. HP: 69/69 MP: 18/18
  6248 | D:6      | Found a blossoming altar of Fedhas.
  6364 | D:7      | Reached * piety under the Shining One
  6900 | D:7      | Reached skill level 5 in Armour
  7132 | D:7      | Learned a level 3 spell: Confuse
  7294 | D:8      | Reached skill level 5 in Invocations
  7459 | D:8      | Reached XP level 10. HP: 75/77 MP: 20/20
  7522 | D:8      | Reached skill level 7 in Spellcasting
  7688 | D:8      | Noticed a two-headed ogre
  7688 | D:8      | Reached ** piety under the Shining One
  7695 | D:8      | Killed a two-headed ogre
  7695 | D:8      | Reached skill level 5 in Short Blades
  7695 | D:8      | Reached skill level 5 in Long Blades
  7695 | D:8      | Reached skill level 5 in Axes
  7695 | D:8      | Reached skill level 5 in Polearms
  7695 | D:8      | Reached skill level 5 in Staves
  7695 | D:8      | Reached skill level 5 in Slings
  7695 | D:8      | Reached skill level 5 in Bows
  7695 | D:8      | Reached skill level 5 in Crossbows
  7695 | D:8      | Reached skill level 5 in Throwing
  7695 | D:8      | Reached skill level 5 in Stealth
  7695 | D:8      | Reached skill level 5 in Shields
  7695 | D:8      | Reached skill level 5 in Unarmed Combat
  7695 | D:8      | Reached skill level 5 in Evocations
  7934 | D:8      | Found a viscous altar of Jiyva.
  8064 | D:8      | Found Fapnamui's Weapon Shop.
  8082 | D:9      | Found a staircase to the Lair.
  8083 | D:9      | Noticed a death yak
  8083 | D:9      | Noticed a death yak
  8083 | D:9      | Noticed a death yak
  8433 | D:10     | Entered Level 10 of the Dungeon
  8438 | D:10     | Found a staircase to the Orcish Mines.
  8697 | D:10     | Got an iridescent spear
  8698 | D:10     | Identified the cursed +3 spear "Transmigrator" {freeze,
                  | *Noise +Blink rElec SInv} (You found it on level 10 of the
                  | Dungeon)
  8718 | D:10     | Noticed Nergalle
  8728 | D:10     | Reached *** piety under the Shining One
  8746 | D:10     | Killed Nergalle
  8912 | D:10     | Found Taitiuk's Assorted Antiques.
  9075 | D:9      | Found an opulent altar of Gozag.
  9075 | D:9      | Found Gozag's Platinum Reserve.
  9091 | D:9      | Reached XP level 11. HP: 81/84 MP: 19/22
  9192 | D:9      | Noticed a two-headed ogre
  9347 | D:8      | Killed a death yak
  9521 | D:8      | Killed a death yak
  9810 | D:9      | Reached skill level 5 in Conjurations
  9810 | D:9      | Reached skill level 5 in Hexes
  9810 | D:9      | Reached skill level 5 in Summonings
  9810 | D:9      | Reached skill level 5 in Necromancy
  9810 | D:9      | Reached skill level 5 in Translocations
  9810 | D:9      | Reached skill level 5 in Transmutations
  9810 | D:9      | Reached skill level 5 in Fire Magic
  9810 | D:9      | Reached skill level 5 in Ice Magic
  9810 | D:9      | Reached skill level 5 in Air Magic
  9810 | D:9      | Reached skill level 5 in Earth Magic
  9810 | D:9      | Reached skill level 5 in Poison Magic
 10392 | D:9      | Reached skill level 8 in Spellcasting
 10506 | D:9      | Mangled by a death yak

Levels and vault maps discovered:
D:1:      lightli_iron_boxes, layout_loops_ring, minmay_split_cup_large
D:2:      layout_basic, grunt_dithmenos_smoke
D:3:      layout_basic, gammafunk_temple_overflow_wave
D:4:      layout_loops_corners, first_ration, portal_sewer_entry_c
D:5:      layout_rooms, slow_altar_1, minmay_temple_entry_poolview
D:6:      layout_loops_ring, fedhas_altar_4
D:7:      layout_basic
D:8:      layout_cave_pools, serial_shops, kennysheep_mini,
          hangedman_little_slice_of_home
D:9:      layout_small_grid, nicolae_gozag_zags_fifth_avenue, dpeg_lair_monsters
D:10:     layout_rooms, orc_0_dummy, serial_shops, shop_statue, uniq_nergalle
Temple:   minmay_crystal_spiral_temple

Skill      XL: |  1  2  3  4  5  6  7  8  9 10 11 |
---------------+----------------------------------+-----
Spellcasting   | 5 6 7 8 |  8.0
Invocations    | 1 2 3 4 5 6 |  6.7
Short Blades   | 1 2 3 4 5 6 |  6.1
Long Blades    | 1 2 3 4 5 6 |  6.1
Axes           | 1 2 3 4 5 6 |  6.1
Polearms       | 1 2 3 4 5 6 |  6.1
Staves         | 1 2 3 4 5 6 |  6.1
Slings         | 1 2 3 4 5 6 |  6.1
Bows           | 1 2 3 4 5 6 |  6.1
Crossbows      | 1 2 3 4 5 6 |  6.1
Throwing       | 1 2 3 4 5 6 |  6.1
Stealth        | 1 2 3 4 5 6 |  6.1
Shields        | 1 2 3 4 5 6 |  6.1
Unarmed Combat | 1 2 3 4 5 6 |  6.1
Evocations     | 1 2 3 4 5 6 |  6.1
Conjurations   | 1 2 3 4 5 |  5.0
Hexes          | 1 2 3 4 5 |  5.0
Summonings     | 1 2 3 4 5 |  5.0
Necromancy     | 1 2 3 4 5 |  5.0
Translocations | 1 2 3 4 5 |  5.0
Transmutations | 1 2 3 4 5 |  5.0
Fire Magic     | 1 2 3 4 5 |  5.0
Ice Magic      | 1 2 3 4 5 |  5.0
Air Magic      | 1 2 3 4 5 |  5.0
Earth Magic    | 1 2 3 4 5 |  5.0
Poison Magic   | 1 2 3 4 5 |  5.0
Armour         | 3 4 5 6 |  6.7
Fighting       | 5 6 7 |  7.7
Maces & Flails | 5 6 7 |  7.7
Dodging        | 5 6 7 |  7.7
Charms         | 6 7 |  7.5

Action                   |  1- 3 |  4- 6 |  7- 9 | 10-12 || total
-------------------------+-------+-------+-------+-------++-------
Melee: Mace              |    90 |    50 |       |       ||   140
       Bite              |     2 |    14 |    30 |    29 ||    75
       Flail             |       |    82 |   233 |   196 ||   511
       Punch             |       |     1 |     2 |     6 ||     9
 Fire: Hunting sling     |       |       |     1 |    10 ||    11
 Cast: Infusion          |     3 |     1 |     6 |    10 ||    20
       Spectral Weapon   |     3 |    17 |    27 |    21 ||    68
       Regeneration      |     2 |     4 |     1 |       ||     7
       Song of Slaying   |       |     2 |       |     3 ||     5
       Confuse           |       |       |       |     1 ||     1
  Use: Scroll            |       |     4 |     5 |     5 ||    14
       Potion            |       |       |       |     1 ||     1
 Stab: Sleeping          |       |     2 |     2 |       ||     4
  Eat: Chunk             |     2 |    10 |    10 |    11 ||    33
       Ration            |       |       |     1 |       ||     1
Armor: Ring mail         |    19 |    26 |    78 |    62 ||   185
       Leather armour    |     3 |       |       |       ||     3
Dodge: Dodged            |    95 |   101 |   193 |   194 ||   583
